 Dungeon Crawl Stone Soup version 0.31-a0-654-gbe3e110b4e (webtiles) character file.

Game seed: 1607796216063994085

266 Midn8 the Cutter (level 6, -5/47 HPs)
             Began as a Vampire Warper on Aug 29, 2023.
             Was a Believer of Lugonu.
             Slain by a kobold brigand
             ... wielding a +1 short sword of holy wrath
              (6 damage)
             ... in a sewer.
             The game lasted 00:07:14 (2531 turns).

Midn8 the Cutter (Vampire Warper)                   Turns: 2531, Time: 00:07:15

Health: -5/47      AC:  8    Str: 12    XL:     6   Next: 0%
Magic:  9/9        EV: 11    Int: 15    God:    Lugonu [**....]
Gold:   103        SH:  0    Dex: 14    Spells: 7/9 levels left

rFire   + . .        a - +0 short sword
rCold   . . .        (no shield)
rNeg    . . .        g - +2 ring mail {rF+}
rPois   .            (no helmet)
rElec   .            (no cloak)
rCorr   .            (no gloves)
SInv    +            k - +0 pair of boots
Will    .....        (no amulet)
Stlth   +            (no ring)
HPRegen 0.47/turn    (no ring)
MPRegen 0.11/turn

%: no passive effects
@: healing quickly, very slow
A: alive, fangs 3, see invisible, vampiric 2
a: Exsanguinate, Renounce Religion, Depart the Abyss, Banish


You were in a sewer.
You worshipped Lugonu.
Lugonu was pleased with you.
You visited 1 branch of the dungeon, and saw 3 of its levels.
You also visited: Sewer.

You collected 103 gold pieces.

Inventory:

Hand Weapons
 a - a +0 short sword (weapon)
Missiles
 d - 7 darts of dispersal (quivered)
 p - 5 poisoned darts
Armour
 b - a +0 leather armour
 g - a +2 ring mail of fire resistance (worn)
 i - +0 shadow dragon scales
 k - a +0 pair of boots (worn)
Scrolls
 c - a scroll of blinking
 f - a scroll of vulnerability
 h - a scroll of silence {unknown}
 j - a scroll of torment {unknown}
 l - 4 scrolls of amnesia {unknown}
 m - a scroll of poison {unknown}
 n - a scroll of acquirement {unknown}
 o - 2 scrolls of revelation {unknown}
 r - a scroll of brand weapon {unknown}
 t - a scroll of immolation {unknown}
Potions
 e - 4 potions of curing
 q - 2 potions of mutation
 s - a potion of haste {unknown}


   Skills:
 + Level 3.3 Fighting
 - Level 6.0 Short Blades
 - Level 0.7 Throwing
 - Level 0.7 Armour
 - Level 2.1 Dodging
 - Level 2.0 Spellcasting
 - Level 2.4 Translocations


You had 7 spell levels left.
You knew the following spells:

 Your Spells              Type           Power      Damage    Failure   Level
B - Blink                 Tloc           16%        N/A       28%         2

Your spell library contained the following spells:

 Spells                   Type           Power      Damage    Failure   Level
 Lesser Beckoning         Tloc           16%        N/A       28%         2
 Teleport Other           Tloc           8%         N/A       50%         3
 Ozocubu's Armour         Ice            1%         N/A       83%         3
 Manifold Assault         Tloc           8%         N/A       88%         4
 Vhi's Electric Charge    Tloc/Air       10%        N/A       97%         4
 Metabolic Englaciation   Hex/Ice        0%         N/A       100%        5
 Simulacrum               Ice/Necr       0%         N/A       100%        6


Dungeon Overview and Level Annotations

Branches:
Dungeon (3/15)              Sewer (1/1)

Altars:
Cheibriados
Lugonu


Innate Abilities, Weirdness & Mutations

Your natural rate of healing is accelerated.
You have razor-sharp teeth.
You have supernaturally acute eyesight. (SInv)
You are afflicted with vampirism and can become a bat while bloodless.


Message History

The kobold brigand is severely wounded.
The kobold brigand hits you with a +1 short sword of holy wrath.
* * * LOW HITPOINT WARNING * * *
You convulse.
* * * LOW HITPOINT WARNING * * *
You feel better.
The kobold brigand splashes around in the water.
You hit the kobold brigand but do no damage.
You bite the kobold brigand.
The kobold brigand is severely wounded.
The kobold brigand closely misses you.
You hit the kobold brigand but do no damage.
The kobold brigand is severely wounded.
The kobold brigand hits you with a +1 short sword of holy wrath!
* * * LOW HITPOINT WARNING * * *
You convulse.
* * * LOW HITPOINT WARNING * * *
Press: ? - help, v - describe, . - travel
Here: a kobold brigand, wielding a +1 short sword of holy wrath and quivering curare-tipped darts (severely wounded) Some shallow water.
You hit the kobold brigand but do no damage.
You bite the kobold brigand.
The kobold brigand is severely wounded.
Your unstable footing causes you to fumble your attack.
The kobold brigand closely misses you.
Your unstable footing causes you to fumble your attack.
The kobold brigand barely misses you.
You hit the kobold brigand but do no damage.
The kobold brigand is severely wounded.
Your unstable footing causes you to fumble your attack.
The kobold brigand barely misses you.
Your unstable footing causes you to fumble your attack.
The kobold brigand barely misses you.
Your unstable footing causes you to fumble your attack.
You hit the kobold brigand. Your bite misses the kobold brigand.
The kobold brigand is almost dead.
The kobold brigand hits you with a +1 short sword of holy wrath.
* * * LOW HITPOINT WARNING * * *
You convulse.
You die...

#~~.~~~.∩
#.~..~~..
##~~~..~.~ #####
##.~~.~..~.
~~~~####..~~##~~.~
#~~~...~.####~.~
##### #~~~~~~~.#
#~..
#.~~~~###~~~~..~##
~~~~ #KK@~~#######
.~~~~ #.~~~~#####
~~~## ##### .~##


You could see a kobold brigand and a kobold.

Vanquished Creatures
  A hound (D:2)
  Natasha (D:3)
  10 adders
  6 river rats (D:3)
  A worm (D:3)
  3 dart slugs (D:2)
  2 orcs
  12 ball pythons
  4 bats
  7 endoplasms
  2 giant cockroaches (D:2)
  2 goblins
  A hobgoblin (D:1)
  2 quokkas (D:2)
  A frilled lizard (D:1)
  5 kobolds (D:2)
  7 rats
67 creatures vanquished.

Notes
Turn   | Place    | Note
-------+----------+-------------------------------------------
     0 | D:1      | Midn8 the Vampire Warper began the quest for the Orb.
     0 | D:1      | Reached XP level 1. HP: 16/16 MP: 3/3
   168 | D:1      | Found a faded altar of an unknown god.
   174 | D:1      | Prayed at the altar of an unknown god.
   174 | D:1      | Became a worshipper of Lugonu the Unformed
   174 | D:1      | Reached * piety under Lugonu
   234 | D:1      | Reached skill level 3 in Short Blades
   299 | D:1      | Reached XP level 2. HP: 18/22 MP: 5/5
   857 | D:2      | Found a snail-covered altar of Cheibriados.
  1009 | D:2      | Reached skill level 4 in Short Blades
  1009 | D:2      | Gained mutation: You are afflicted with vampirism and can
                  | become a bat while bloodless. [Vampire growth]
  1009 | D:2      | Reached XP level 3. HP: 24/27 MP: 6/6
  1256 | D:2      | Learned a level 2 spell: Blink
  1403 | D:2      | Reached XP level 4. HP: 30/33 MP: 7/7
  1506 | D:2      | Reached skill level 5 in Short Blades
  1571 | D:2      | Reached ** piety under Lugonu
  1972 | D:3      | Reached XP level 5. HP: 36/38 MP: 8/8
  2009 | D:3      | Noticed Natasha
  2038 | D:3      | Killed Natasha
  2039 | D:3      | Reached skill level 6 in Short Blades
  2401 | D:3      | Found a glowing drain.
  2450 | D:3      | Reached XP level 6. HP: 34/47 MP: 9/9
  2457 | Sewer    | Entered a sewer
  2531 | Sewer    | HP: 1/47 [kobold brigand/+1 short sword of holy wrath (6)]
  2531 | Sewer    | Slain by a kobold brigand

Illustrated notes

Levels and vault maps discovered:
D:1:      heliophobic_arrival_dark_side_of_the_moon, layout_loops_ring,
          basic_ecumenical_altar
D:2:      layout_loops_corners, basic_altar
D:3:      layout_basic, mainiacjoe_overflow_paths, lightli_sewer_entry_pipes,
          uniq_natasha
Sewer:    sewer_co_tree

Skill      XL: |  1  2  3  4  5 |
---------------+----------------+-----
Short Blades   | 3 4 5 6 |  6.0
Fighting       | 3 |  3.3
Throwing       | |  0.7
Armour         | |  0.7
Dodging        | |  2.1
Spellcasting   | |  2.0
Translocations | |  2.4

Action                     |  1- 3 |  4- 6 || total
---------------------------+-------+-------++-------
  Melee: Short sword       |   140 |   362 ||   502
         Bite              |    12 |    31 ||    43
         Punch             |     1 |     3 ||     4
    Use: Scroll            |       |     5 ||     5
         Potion            |       |     2 ||     2
 Armour: Leather armour    |     3 |       ||     3
         Ring mail         |    34 |    93 ||   127
         Shadow dragon sca |    12 |       ||    12
  Dodge: Dodged            |    51 |   151 ||   202

Table legend: (Time is in decaauts)
 A = Elapsed time spent in this place.
 B = Non-inter-level travel time spent in this place.
 C = Inter-level travel time spent in this place.
 D = Time resting spent in this place.
 E = Time spent auto-exploring this place.
 F = Levels seen in this place.
 G = Mean time per level.
                   A        B        C        D        E       F      G
               +--------+--------+--------+--------+--------+-----+--------+
         Total |   2437 |   2344 |     93 |    139 |   1316 |   4 |  609.2 |
       Dungeon |   2363 |   2270 |     93 |    122 |   1316 |   3 |  787.7 |
         Sewer |     74 |     74 |      0 |     17 |      0 |   1 |   74.0 |
               +--------+--------+--------+--------+--------+-----+--------+

Top non-repeatable levels by time:
     D:2: 998 daAuts
     D:1: 830 daAuts
     D:3: 534 daAuts
   Sewer: 74 daAuts
